 Seeded DCSS version 0.30.1-4-g462c640d31 (webtiles) character file.

Game seed: 17240320426032667698 (custom seed)

71 Psyclone the Firebug (level 4, -2/27 HPs)
             Began as an Octopode Fire Elementalist on Sept 18, 2023.
             Slain by a sleepcap (4 damage)
             ... on level 3 of the Dungeon.
             The game lasted 00:03:14 (2007 turns).

Psyclone the Firebug (Octopode Fire Elementalist)   Turns: 2007, Time: 00:03:15

Health: -2/27      AC:  1    Str:  7    XL:     4   Next: 24%
Magic:  4/8        EV: 13    Int: 19    God:
Gold:   106        SH:  0    Dex: 12    Spells: 7/8 levels left

rFire   . . .        b - +3 rapier
rCold   . . .        (no shield)
rNeg    . . .        (helmet restricted)
rPois   .            (no amulet)
rElec   .            (no ring)
rCorr   .            (no ring)
SInv    .            (no ring)
Will    .....        (no ring)
Stlth   +++          (no ring)
HPRegen 0.24/turn    (no ring)
MPRegen 0.11/turn    (no ring)
                     (no ring)

%: no passive effects
@: no status effects
A: almost no armour, amphibious, 8 rings, camouflage 1, gelatinous body 1,
(nimble swimmer 1), tentacles
a: no special abilities


You were on level 3 of the Dungeon.
You visited 1 branch of the dungeon, and saw 3 of its levels.

You collected 106 gold pieces.

Inventory:

Hand Weapons
 b - a +3 rapier (weapon)
 g - a +2 dagger of venom
Jewellery
 c - an amulet of faith
 h - a +5 ring of evasion
Scrolls
 d - 2 scrolls of teleportation {unknown}
 i - a scroll of identify {unknown}
 l - a scroll of enchant weapon {unknown}
 m - 2 scrolls of fog {unknown}
 p - a scroll of noise {unknown}
 q - 2 scrolls of amnesia {unknown}
 r - a scroll of enchant armour {unknown}
Potions
 a - a potion of magic
 e - 3 potions of attraction {unknown}
 f - a potion of heal wounds {unknown}
 j - a potion of cancellation {unknown}
 k - 2 potions of curing {unknown}
 n - 2 potions of brilliance {unknown}
 o - a potion of resistance {unknown}
 s - a potion of haste {unknown}


   Skills:
 - Level 2.0 Dodging
 - Level 2.6 Stealth
 + Level 2.8 Spellcasting
 + Level 2.3 Conjurations
 + Level 3.7 Fire Magic


You had 7 spell levels left.
You knew the following spells:

 Your Spells              Type           Power      Damage    Failure   Level
a - Foxfire               Conj/Fire      56%        2x1d6     4%          1

Your spell library contained the following spells:

 Spells                   Type           Power      Damage    Failure   Level
 Scorch                   Fire           32%        2d6       4%          2
 Inner Flame              Hex/Fire       9%         N/A       22%         3
 Volatile Blastmotes      Fire/Tloc      18%        2d11      22%         3
 Flame Wave               Conj/Fire      14%        2d6       41%         4
 Ozocubu's Armour         Ice            2%         N/A       43%         3
 Metabolic Englaciation   Hex/Ice        1%         N/A       99%         5
 Simulacrum               Ice/Necr       1%         N/A       100%        6


Dungeon Overview and Level Annotations

Branches:
Dungeon (3/15) Zot: 15979

Altars:


Innate Abilities, Weirdness & Mutations

You cannot wear most types of armour.
You are amphibious.
You can wear up to eight rings at the same time.
Your skin changes colour to match your surroundings (Stealth+).
Your rubbery body absorbs attacks. (AC +1, EV +1)
((You are camouflaged when in or above water. (Stealth+)))
You have tentacles for arms and can constrict up to eight enemies at once.


Message History

Casting: Foxfire (safe; 4% risk of failure)
Confirm with . or Enter, or press ? or * to list all spells.
You conjure some foxfire!
You now have 7/8 mp.
Casting: Foxfire (safe; 4% risk of failure)
Confirm with . or Enter, or press ? or * to list all spells.
You conjure some foxfire!
The foxfire hits the sleepcap but does no damage. x2
The sleepcap releases spores at you.
You are engulfed in a cloud of soporific spores!
You fall asleep.
The foxfire hits the sleepcap.
The sleepcap is moderately damaged.
The foxfire hits the sleepcap but does no damage.
The sleepcap is moderately damaged.
The sleepcap releases spores at you!
You wake up.
Ouch! That really hurt!
You are engulfed in a cloud of soporific spores!
You are unaffected.
You take 17 damage, and have 10/27 hp.
MASSIVE DAMAGE!!
You now have 6/8 mp.
Casting: Foxfire (safe; 4% risk of failure)
Confirm with . or Enter, or press ? or * to list all spells.
You conjure some foxfire!
The sleepcap releases spores at you.
* * * LOW HITPOINT WARNING * * *
The sleepcap releases spores at you.
* * * LOW HITPOINT WARNING * * *
You are engulfed in a cloud of soporific spores!
You are unaffected.
You take 4 damage, and have 6/27 hp.
You now have 5/8 mp.
Casting: Foxfire (safe; 4% risk of failure)
Confirm with . or Enter, or press ? or * to list all spells.
You conjure some foxfire!
The foxfire hits the sleepcap but does no damage.
The sleepcap is lightly damaged.
The foxfire hits the sleepcap but does no damage.
The sleepcap is lightly damaged.
The sleepcap releases spores at you.
* * * LOW HITPOINT WARNING * * *
The sleepcap releases spores at you.
You die...

#.# #.# #.##
+..#### ###
#.....
###..####...#
##....f.##...#
.....ff@v....#
##.f..'v###..#
###..##.....#
#####.##.######
#.#....)........
#...#.#..######.
###.#.#.##
#.#.#.. #.#.####


You could see 4 sleepcaps.

Vanquished Creatures
  A gnoll (D:1)
  An adder (D:2)
  A dart slug (D:2)
  5 endoplasms
  5 giant cockroaches
  3 goblins
  3 hobgoblins
  3 jackals (D:1)
  A kobold (D:3)
  3 quokkas (D:2)
  6 ball pythons
  4 bats (D:1)
  3 frilled lizards
  7 rats
46 creatures vanquished.

Vanquished Creatures (collateral kills)
  3 foxfires (D:1)
3 creatures vanquished.

Vanquished Creatures (others)
  119 foxfires
119 creatures vanquished.

Grand Total: 168 creatures vanquished

Notes
Turn   | Place    | Note
-------+----------+-------------------------------------------
     0 | D:1      | Psyclone the Octopode Fire Elementalist began the quest for
                  | the Orb.
     0 | D:1      | Reached XP level 1. HP: 11/11 MP: 3/3
   173 | D:1      | Reached XP level 2. HP: 10/17 MP: 0/5
   787 | D:1      | Reached XP level 3. HP: 16/21 MP: 1/6
  1066 | D:2      | HP: 1/21 [hobgoblin (4)]
  1505 | D:2      | Reached XP level 4. HP: 27/27 MP: 4/8
  1661 | D:2      | Identified the +1 buckler of the Moon {Harm rC+ Str+2}
  2007 | D:3      | Slain by a sleepcap

Illustrated notes

Levels and vault maps discovered:
D:1:      dreamdust_arrival_sigmund_warning, layout_basic, serial_forest,
          infiniplex_forest_lined_2, infiniplex_forest_join,
          infiniplex_forest_end_3, infiniplex_forest_straight_4,
          infiniplex_forest_lined_4_way, infiniplex_forest_clump_double,
          infiniplex_forest_3_way, infiniplex_forest_zigzag_1,
          infiniplex_forest_clump_C
D:2:      layout_basic, minmay_misc_feat_tower, minmay_pentomino_p2
D:3:      layout_basic, chei_slow_surprise, mainiacjoe_overflow_24_doors,
          nicolae_overflow_crystal_walls, ashenzari_conservatory_becter,
          serial_shops, shop, serial_curves, eino_curves_02, eino_curves_01,
          hellmonk_no_cap

Skill      XL: |  1  2  3 |
---------------+----------+-----
Conjurations   | 2 |  2.3
Dodging        | |  2.0
Stealth        | |  2.6
Spellcasting   | |  2.8
Fire Magic     | |  3.7

Action                     |  1- 3 |  4- 6 || total
---------------------------+-------+-------++-------
  Melee: Rapier            |    56 |     5 ||    61
         Constrict         |     5 |     1 ||     6
         Tentacles         |    16 |     1 ||    17
         Punch             |     1 |       ||     1
   Cast: Foxfire           |    50 |    28 ||    78
   Stab: Sleeping          |     5 |     2 ||     7
 Armour: Skin              |     5 |       ||     5
  Dodge: Dodged            |    34 |     2 ||    36
